AoeStats
← Julix

Golden Pit

510268470Analyzed
1v1 RM · 1d ago on Sep 30, 2026· 24m 49s· 2 players
Game mode
Random Map
Map size
Tiny (2 player)
Population
200
Speed
Normal
Resources
Standard
Victory
Conquest
Starting age
Dark Age
Ending age
Imperial Age
RankedLock teamsTeams togetherTeam positionsShared explorationLock speedFull tech treeHidden civsTurbo modeCheats
Victory
Defeat
🇦🇷 Mongols · Argentina
1481
+16
🇹🇼 Mongols · Taiwan
1491
-16
The HOD6023
5:11 Loom
8:05 Feudal Age
8:49 Double-Bit Axe
11:16 Horse Collar
16:08 Wheelbarrow
19:23 Castle Age
19:03 Forging
19:40 Bloodlines
19:26 Gold Mining
20:59 Scale Barding Armor
24:22 Chain Barding Armor
Julix
11:14 Feudal Age
15:26 Wheelbarrow
17:06 Castle Age
19:48 Loom
20:25 Double-Bit Axe
Connection lost

Rejoining the realm…

Still unreachable

The connection could not be restored.

Session expired

The server has moved on; the page needs a fresh start.